 Dungeon Crawl Stone Soup version 0.23.2-40-g277498a001 (webtiles) character file.

Game seed: 7207902187765666010

509 Martska the Chopper (level 7, -8/63 HPs)
             Began as a Hill Orc Fighter on Oct 1, 2019.
             Was an Initiate of Makhleb.
             Mangled by a kobold
             ... wielding a +2 dagger of distortion
              (19 damage)
             ... on level 3 of the Dungeon.
             The game lasted 00:08:30 (3105 turns).

Martska the Chopper (Hill Orc Fighter)              Turns: 3105, Time: 00:08:30

Health: -8/63      AC:  8    Str: 21    XL:     7   Next: 19%
Magic:  7/7        EV:  7    Int:  8    God:    Makhleb [......]
Gold:   99         SH:  9    Dex: 10    Spells: 6/6 levels left

rFire    . . .     SeeInvis .   a - +0 war axe
rCold    . . .     Gourm    .   c - +0 shield
rNeg     . . .     Faith    .   b - +0 scale mail
rPois    .         Spirit   .   (no helmet)
rElec    .         Reflect  .   (no cloak)
rCorr    .         Harm     .   (no gloves)
MR       .....                  j - +0 pair of boots
Stlth    ..........             (no amulet)
HPRegen  0.20/turn              (no ring)
MPRegen  0.10/turn              (no ring)

@: lethally poisoned (-8 -> -14), liquid flames, glowing
A: no striking features
a: Renounce Religion


You were on level 3 of the Dungeon.
You worshipped Makhleb.
Makhleb was noncommittal.
You were hungry.

You visited 1 branch of the dungeon, and saw 3 of its levels.

You collected 99 gold pieces.

Inventory:

Hand Weapons
 a - a +0 war axe (weapon)
Armour
 b - a +0 scale mail (worn)
 c - a +0 shield (worn)
 f - a cursed +0 leather armour
 j - a +0 pair of boots (worn)
Jewellery
 e - an uncursed ring of stealth {unknown}
 n - an uncursed ring of ice {unknown}
Scrolls
 g - a scroll of teleportation {unknown}
 h - a scroll of magic mapping {unknown}
 l - a scroll of remove curse {unknown}
Potions
 d - a potion of might
 i - a potion of lignification {unknown}
 k - a potion of haste {unknown}
 m - 4 potions of brilliance {unknown}
Comestibles
 o - a ration


   Skills:
 * Level 6.0 Fighting
 * Level 6.0 Axes
 + Level 4.5 Armour
 - Level 0.4 Dodging
 + Level 4.9 Shields


You had 6 spell levels left.
You didn't know any spells.
Your spell library was empty.

Dungeon Overview and Level Annotations

Branches:
Dungeon (3/15)

Altars:
Kikubaaqudgha
Makhleb

Annotations:
D:3 freakyemo's ghost, amateur DEFE


Message History

Your shield and scale mail prevent you from hitting the kobold.
You feel sick.
Freakyemo's ghost sprays you with burning goo.
The sticky flame hits you.
You are covered in liquid flames!
The big kobold hits you but does no damage.
Space warps horribly around you!
* * * LOW HITPOINT WARNING * * *
You block the kobold's attack. x2; Freakyemo's ghost barely misses you.
Your scale mail prevents you from hitting the kobold.
You hit the kobold.
You hit the big kobold but do no damage.
You closely miss freakyemo's ghost. You hit the kobold but do no damage.
You are covered in liquid flames!
* * * LOW HITPOINT WARNING * * *
You feel sick.
The kobold hits you with a +0 short sword.
* * * LOW HITPOINT WARNING * * *
The kobold hits you but does no damage. x2; Space warps horribly around you!!
You die...

###..# #.....#####....
#..########### #.###.........#
#.....(....(.# #.# #...#######
#.##.........####.###.#.#
#.##.########.........#.# ###
#.##.# #.#########.# #.. #.##.#
#.# #.# #.# #.##.# #####K#####
#.#####.# #.##.# #...KK@K..#
#.......# #.##.# #.##'KW##.#
######### ###....# ###...KK###
...##..# #.#...#.# ##.##..#
#⌠.#.#.⌠# #.##..# #.#...#.#
##.##..# ##.....##
...##..#######$?.################
.####.......<#####.....##........


You could see a big kobold, freakyemo's ghost and 6 kobolds.

Vanquished Creatures
  A sky beast (D:3)
  A scorpion (D:3)
  3 vampire bats (D:2)
  A hound (D:3)
  Jessica (D:2)
  Robin (D:2)
  3 gnolls (D:2)
  7 adders
  An ooze (D:2)
  4 dart slugs
  A leopard gecko (D:3)
  11 bats
  2 bat skeletons (D:2)
  4 bat zombies (D:2)
  A giant cockroach (D:1)
  7 hobgoblins
  7 jackals
  A quokka (D:2)
  A ball python (D:3)
  6 frilled lizards
  12 goblins
  7 kobolds
  7 rats
90 creatures vanquished.

Notes
Turn   | Place    | Note
-------+----------+-------------------------------------------
     0 | D:1      | Martska the Hill Orc Fighter began the quest for the Orb.
     0 | D:1      | Reached XP level 1. HP: 19/19 MP: 1/1
   155 | D:1      | Reached XP level 2. HP: 17/27 MP: 2/2
   845 | D:2      | Noticed Robin
   849 | D:2      | Reached XP level 3. HP: 30/33 MP: 3/3
   857 | D:2      | Killed Robin
  1073 | D:2      | Reached XP level 4. HP: 40/40 MP: 4/4
  1202 | D:2      | Noticed Jessica
  1218 | D:2      | Killed Jessica
  1338 | D:2      | Reached XP level 5. HP: 39/47 MP: 5/5
  1678 | D:2      | Found an ancient bone altar of Kikubaaqudgha.
  1716 | D:2      | Reached skill level 5 in Fighting
  1716 | D:2      | Reached skill level 5 in Axes
  1716 | D:2      | Reached XP level 6. HP: 46/56 MP: 6/6
  2135 | D:3      | Noticed a sky beast
  2145 | D:3      | Killed a sky beast
  2470 | D:3      | Reached XP level 7. HP: 62/62 MP: 7/7
  2610 | D:3      | Found a runed translucent gate.
  2610 | D:3      | Found a runed translucent gate.
  2610 | D:3      | Identified the +2 whip of the Madman {pain, Int+10 SInv
                  | Stlth-}
  2610 | D:3      | Noticed freakyemo's ghost (amateur DEFE)
  2611 | D:3      | Found a runed translucent gate.
  2656 | D:3      | Found a burning altar of Makhleb.
  2736 | D:3      | Became a worshipper of Makhleb the Destroyer
  3105 | D:3      | Mangled by a kobold

Skill      XL: |  1  2  3  4  5  6  7 |
---------------+----------------------+-----
Axes           | 3 4 5 6 |  6.0
Shields        | 4 |  4.9
Fighting       | 4 5 6 |  6.0
Armour         | 4 |  4.5
Dodging        | |  0.4

Action                   |  1- 3 |  4- 6 |  7- 9 || total
-------------------------+-------+-------+-------++-------
Melee: War axe           |    87 |   119 |    46 ||   252
  Use: Potion            |       |     1 |       ||     1
  Eat: Ration            |     1 |     1 |       ||     2
Armor: Scale mail        |    52 |    97 |    30 ||   179
Dodge: Dodged            |    40 |    58 |    18 ||   116
Block: Shield            |    71 |   106 |    23 ||   200
